 Dungeon Crawl Stone Soup version 0.28-a0-1506-g3893175d92 (webtiles) character file.

Game seed: 15448648430923172423

21856 Lekart the Schismatic (level 12, 0/96 (101) HPs)
             Began as a White Draconian Abyssal Knight on Jan 14, 2022.
             Was an Elder of Lugonu.
             Killed from afar by a balrug (38 damage)
             ... with a bolt of fire
             ... in a Gauntlet.
             The game lasted 00:30:41 (16354 turns).

Lekart the Schismatic (DrAK)                       Turns: 16354, Time: 00:30:42

HP:   0/96 (101)    AC: 15    Str: 13    XL:     12   Next: 57%
MP:   25/28         EV: 16    Int: 11    God:    Lugonu [****..]
Gold: 873           SH:  0    Dex: 17    Spells: 16/21 levels left

rFire   . . .      SeeInvis .   e - +9 double sword (holy)
rCold   + . .      Faith    .   (no shield)
rNeg    . . .      Spirit   .   (armour unavailable)
rPois   .          Reflect  .   j - +2 hat
rElec   .          Harm     .   f - +1 cloak
rCorr   +          Rampage  .   (no gloves)
Will    .....      NoTele   +   z - +2 pair of boots
Stlth   ++++......              (no amulet)
HPRegen 0.26/turn               c - ring of resist corrosion
MPRegen 0.21/turn               g - ring of magical power

@: mighty, lightly drained, invisible
A: breathe frost, AC +8, unfitting armour, cold resistance 1, cold-blooded, weak
1, MP-powered wands
a: Breathe Frost, Renounce Religion, Depart the Abyss, Bend Space, Banish,
Corrupt


You were in a Gauntlet.
You worshipped Lugonu.
Lugonu was greatly pleased with you.
You visited 3 branches of the dungeon, and saw 17 of its levels.
You visited the Abyss 1 time.
You also visited: Sewer and Gauntlet.

You collected 928 gold pieces.
You spent 55 gold pieces at shops.

Inventory:

Hand Weapons
 a - a +2 falchion of protection
 e - a +9 double sword of holy wrath (weapon)
 m - a +2 whip of flaming
 o - the +6 shillelagh "Devastator" {shatter}
   (You found it on level 3 of the Dungeon)

   It releases a powerful concussive burst when it strikes, dealing extra damage
   to the target and all other foes adjacent to them.
Missiles
 t - a throwing net
Armour
 f - a +1 cloak (worn)
 j - a +2 hat (worn)
 z - a +2 pair of boots (worn)
Jewellery
 c - a ring of resist corrosion (left hand)
 g - a ring of magical power (right hand)
 v - a ring of willpower
 C - a +6 ring of intelligence
 H - a ring of magical power
 I - a ring of ice
 J - a ring of willpower
 L - a ring of flight
Wands
 k - a wand of iceblast (15)
 q - a wand of flame (47)
 A - a wand of charming (8)
 B - a wand of paralysis (1)
 E - a wand of polymorph (4)
 F - a wand of acid (4)
Scrolls
 b - 4 scrolls of teleportation
 s - 3 scrolls of fear
 w - a scroll of blinking
 y - 3 scrolls of identify
 G - 2 scrolls of amnesia
Potions
 d - 3 potions of magic
 h - 9 potions of curing
 i - 2 potions of heal wounds
 l - 2 potions of brilliance
 n - 3 potions of flight
 u - 3 potions of attraction
 x - a potion of haste
 D - 2 potions of resistance {unknown}
 K - a potion of ambrosia {unknown}


   Skills:
 + Level 7.7 Fighting
 + Level 5.8 Long Blades
 + Level 10.1 Maces & Flails
 + Level 7.2 Dodging
 + Level 7.1 Stealth
 * Level 5.0 Spellcasting
 * Level 4.8 Hexes
 * Level 5.2 Air Magic
 * Level 10.2 Invocations
 + Level 1.2 Evocations


You had 16 spell levels left.
You knew the following spells:

 Your Spells              Type           Power      Damage    Failure   Level
a - Silence               Hex/Air        6%         N/A       58%         5

Your spell library contained the following spells:

 Spells                   Type           Power      Damage    Failure   Level
 Magic Dart               Conj           8%         1d3       22%         1
 Portal Projectile        Hex/Tloc       16%        N/A       24%         3
 Blink                    Tloc           4%         N/A       32%         2
 Call Imp                 Summ           2%         N/A       32%         2
 Searing Ray              Conj           4%         2d4       32%         2
 Mephitic Cloud           Conj/Pois/Air  6%         N/A       32%         3
 Fulminant Prism          Conj/Hex       4%         3d6       63%         4
 Passage of Golubria      Tloc           2%         N/A       91%         4
 Blade Hands              Tmut           1%         N/A       99%         5
 Excruciating Wounds      Necr           1%         N/A       99%         5
 Manifold Assault         Tloc           2%         N/A       99%         5
 Summon Forest            Summ/Tloc      1%         N/A       99%         5
 Eringya's Noxious Bog    Tmut/Pois      1%         N/A       100%        6
 Storm Form               Tmut/Air       4%         N/A       100%        7
 Summon Hydra             Summ           1%         N/A       100%        7
 Lehudib's Crystal Spear  Conj/Erth      1%         10d2      100%        8


Dungeon Overview and Level Annotations

Branches:
Dungeon (12/15)            Temple (1/1) D:6            Lair (4/6) D:11
 Shoals (0/4) Lair:4        Snake (0/4) Lair:2        Sewer (visited)
Gauntlet (1/1)
    Orc: D:9-12

Altars:
Ashenzari
Cheibriados
Dithmenos
Elyvilon
Fedhas
Gozag
Hepliaklqana
Kikubaaqudgha
Makhleb
Nemelex Xobeh
Okawaru
Qazlal
Ru
Sif Muna
Trog
Uskayaw
Vehumet
Wu Jian
Xom
Yredelemnul
Zin
The Shining One

Shops:
D:2 [   D:7 *

Annotations:
D:11 exclusion: downstairs
Lair:3 exclusions: downstairs and upstairs
Abyss:1 Josephine Gauntlet 11 transporters, exclusion: orange crystal statue


Innate Abilities, Weirdness & Mutations

You can breathe waves of freezing cold which knock back foes.
Your icy white scales are hard. (AC +8)
You cannot fit into any form of body armour.
Your flesh is cold resistant. (rC+)
You are cold-blooded and may be slowed by cold attacks.
You are weak. (Str -2)
You expend magic power (3 MP) to strengthen your wands.


Message History

The meliai buzzes angrily.
Found a runed scarf.
The meliai buzzes angrily.
Found a pair of boots.
Found a transporter.
The white imp shouts!
Found a transporter.
Found a transporter.
The white imp laughs crazily.
Found a transporter.
The balrug shouts!
There is a transporter here.
Found an encrusted cloak and a phantom mirror.
Found a pair of ichor-stained boots and a runed plate armour.
Found two transporters.
Marking area around an orange crystal statue as unsafe for travelling.
The meliai buzzes angrily.
There is a transporter here.
Your +9 double sword of holy wrath softly glows with a divine radiance!
e - a +9 double sword of holy wrath (weapon)
There is a transporter here.
There is a transporter here.
You feel very mighty all of a sudden.
You fade into invisibility!
You enter the transporter and appear at another place.
Aiming: Corrosive Bolt
Press: ? - help, Shift-Dir - straight line, f - balrug
Aim: a balrug, wielding a +1 demon whip of draining (67% to hit)
You feel a surge of power!
The bolt of acid hits the balrug!!
The acid corrodes the balrug!
The balrug is moderately wounded.
The balrug hits you with a +1 demon whip of draining!
You are engulfed in flames!
You feel drained.
The balrug hits you with a +1 demon whip of draining!
You are engulfed in flames!!
You feel drained.
You barely miss the balrug.
The balrug is moderately wounded.
The balrug gestures at you. The bolt of fire hits you!!!
You die...

#≈.∩.#.....#...#...#yy....
##...#......#.[#...#######
#§...###########..........
##.....................8..
##§8.....8.....8.........
#§...............########
##...#########...#...#.#.
#§...#..2©##[#...#..#...#
##...##.@##.}#####.##...#
#≈...###.#..!#...##..#.##
##.8©#.##.##©#©8©#....©.#
#≈...#...#.###...##..#.##
##...#..##..######.##...#
#§...#.##....#...#4.#...#
##...#########...#25.#.#.
#≈...............########
##.8.....8.....8.........


You could see a balrug (corroded).

Vanquished Creatures
  Fannar (Lair:2)
  2 hydras (Lair:1)
  Sonja (Lair:3)
  A deep elf pyromancer (D:10)
  2 cyclopes
  A black mamba (Lair:2)
  6 cane toads
  A rime drake (Lair:1)
  5 komodo dragons
  The ghost of hatiphnatus the Grasshopper, an amateur OgWr of Okawaru (D:4)
  3 trolls
  Prince Ribbit (D:9)
  A shadow (D:8)
  6 wraiths
  2 wyverns
  4 basilisks
  Eustachio (D:6)
  26 yaks
  A steam dragon (D:4)
  2 nagas (Lair:2)
  Duvessa (D:4)
  2 acid dragons
  5 water moccasins
  3 orc warriors
  Pargi (Sewer)
  A sky beast (D:7)
  4 black bears
  3 ice beasts
  2 necrophages
  5 ogres
  4 centaurs
  A phantom (D:6)
  2 kobold brigands
  14 bullfrogs
  A scorpion (D:4)
  A wyvern zombie (D:6)
  Dowan (D:4)
  A water moccasin skeleton (D:5)
  9 killer bees
  5 wights (D:6)
  2 howler monkeys
  3 centaur zombies
  2 hounds (D:6)
  A bullfrog skeleton (D:7)
  An orc priest (D:6)
  Crazy Yiuf (D:3)
  3 gnoll shamans
  2 centaur skeletons (D:6)
  Ijyb (D:2)
  Jessica (D:2)
  3 iguanas
  6 orc wizards
  Natasha (D:2)
  A hound skeleton (D:4)
  18 gnolls
  A howler monkey skeleton (D:6)
  7 adders
  3 shadow imps
  3 white imps
  An ufetubus (D:5)
  2 adder skeletons (D:5)
  A worm (D:4)
  2 dart slugs
  22 orcs
  7 ball pythons
  5 endoplasms
  9 goblins
  3 hobgoblins
  A jackal (D:5)
  7 quokkas
  5 bats
  5 frilled lizards
  15 kobolds
  3 rats
282 creatures vanquished.

Vanquished Creatures (others)
  14 fungi
  17 plants
31 creatures vanquished.

Grand Total: 313 creatures vanquished

Notes
Turn   | Place    | Note
-------+----------+-------------------------------------------
     0 | Abyss:1  | Lekart the Draconian Abyssal Knight began the quest for the
                  | Orb.
     0 | Abyss:1  | Reached XP level 1. HP: 19/19 MP: 2/2
    75 | Abyss:1  | Noticed a small abomination
    86 | Abyss:1  | Found a corrupted altar of Lugonu.
    88 | D:1      | Escaped the Abyss
   752 | D:1      | Reached XP level 2. HP: 23/26 MP: 3/3
   945 | D:1      | Reached * piety under Lugonu
  1541 | D:2      | Reached XP level 3. HP: 16/33 MP: 4/4
  1767 | D:2      | Found an ornate altar of the Wu Jian Council.
  1859 | D:2      | Noticed Natasha
  1870 | D:2      | Killed Natasha
  1871 | D:2      | Reached XP level 4. HP: 30/40 MP: 6/6
  1943 | D:2      | Noticed Jessica
  1951 | D:2      | Killed Jessica
  2039 | D:2      | Found Yseckoal's Antique Armour Emporium.
  2115 | D:2      | Found a faded altar of an unknown god.
  2409 | D:2      | Identified a scroll of acquirement
  2409 | D:2      | Acquired a +6 double sword of holy wrath
  2434 | D:3      | Found the +6 shillelagh "Devastator" {shatter}
  2442 | D:3      | Found a glowing drain.
  2458 | Sewer    | Entered a sewer
  2618 | Sewer    | Noticed Pargi
  2627 | Sewer    | Killed Pargi
  2628 | Sewer    | Reached skill level 1 in Stealth
  2628 | Sewer    | Reached XP level 5. HP: 46/46 MP: 7/7
  3210 | D:3      | Noticed Ijyb
  3221 | D:2      | Killed Ijyb
  3222 | D:2      | Reached XP level 6. HP: 39/52 MP: 8/8
  3495 | D:3      | Found a runed translucent door.
  3496 | D:3      | Noticed Crazy Yiuf
  3616 | D:3      | Killed Crazy Yiuf
  3616 | D:3      | Reached ** piety under Lugonu
  4265 | D:4      | Found a runed translucent door.
  4265 | D:4      | Noticed hatiphnatus's ghost (amateur OgWr)
  4404 | D:4      | Found a broken altar of Ashenzari.
  4458 | D:4      | Noticed Duvessa
  4458 | D:4      | Noticed Dowan
  4464 | D:4      | Reached skill level 5 in Long Blades
  4464 | D:4      | Your scales start taking on an icy white colour.
  4464 | D:4      | Reached XP level 7. HP: 59/60 MP: 10/10
  4464 | D:4      | Gained mutation: Your flesh is cold resistant. (rC+) [White
                  | Draconian growth]
  4465 | D:4      | Killed Duvessa
  4466 | D:4      | Reached skill level 1 in Maces & Flails
  4466 | D:4      | Killed Dowan
  4693 | D:4      | Noticed a steam dragon
  4702 | D:4      | Killed a steam dragon
  4995 | D:4      | Reached skill level 5 in Invocations
  4995 | D:4      | Reached XP level 8. HP: 67/67 MP: 11/11
  5129 | D:4      | Killed hatiphnatus's ghost
  5323 | D:5      | Entered Level 5 of the Dungeon
  5441 | D:5      | Reached *** piety under Lugonu
  5869 | D:6      | Reached skill level 5 in Maces & Flails
  5878 | D:6      | Reached skill level 5 in Fighting
  5878 | D:6      | Reached XP level 9. HP: 40/74 MP: 13/13
  6366 | D:6      | Found a staircase to the Ecumenical Temple.
  6388 | Temple   | Entered the Ecumenical Temple
  6707 | D:6      | Noticed Eustachio
  6724 | D:6      | Killed Eustachio
  7115 | D:7      | Found Plog's General Store.
  7123 | D:7      | Bought a potion of heal wounds for 55 gold pieces
  7154 | D:7      | Gained mutation: You have an increased reservoir of magic.
                  | (+10% MP) [potion of mutation]
  7154 | D:7      | Gained mutation: You have sharp toenails. [potion of
                  | mutation]
  7499 | D:7      | Reached skill level 5 in Dodging
  7499 | D:7      | Reached skill level 5 in Stealth
  7928 | D:8      | Reached XP level 10. HP: 51/83 MP: 17/17
  8218 | D:8      | Learned a level 5 spell: Silence
  8245 | D:8      | Reached **** piety under Lugonu
  8999 | D:9      | Noticed a cyclops
  9008 | D:9      | Killed a cyclops
  9009 | D:9      | Reached skill level 1 in Spellcasting
  9009 | D:9      | Reached skill level 1 in Hexes
  9009 | D:9      | Reached skill level 1 in Air Magic
  9030 | D:9      | Noticed Prince Ribbit
  9038 | D:9      | Killed Prince Ribbit
 10215 | D:10     | Entered Level 10 of the Dungeon
 10474 | D:10     | Noticed a cyclops
 10484 | D:10     | Killed a cyclops
 10542 | D:10     | Noticed a deep elf pyromancer
 10545 | D:10     | Killed a deep elf pyromancer
 10669 | D:10     | Reached XP level 11. HP: 91/91 MP: 19/19
 11079 | D:11     | Found a staircase to the Lair.
 11270 | D:11     | Identified the +4 ring mail "Seagha" {Dex+4}
 11605 | D:11     | Noticed Josephine
 11617 | D:11     | Banished Josephine
 12192 | D:12     | Noticed an eight-headed hydra
 12193 | D:12     | Noticed a skeletal warrior
 12195 | D:12     | Noticed a skeletal warrior
 12233 | Lair:1   | Entered Level 1 of the Lair of Beasts
 12332 | Lair:1   | Noticed an eight-headed hydra
 12341 | Lair:1   | Killed an eight-headed hydra
 12413 | Lair:1   | Noticed an eight-headed hydra
 12424 | Lair:1   | Killed an eight-headed hydra
 13021 | Lair:1   | Lost mutation: You have sharp toenails. [potion of
                  | mutation]
 13021 | Lair:1   | Lost mutation: You have an increased reservoir of magic.
                  | (+10% MP) [potion of mutation]
 13021 | Lair:1   | Gained mutation: You are weak. (Str -2) [potion of
                  | mutation]
 13021 | Lair:1   | Gained mutation: You expend magic power (3 MP) to
                  | strengthen your wands. [potion of mutation]
 13155 | Lair:1   | Reached skill level 1 in Evocations
 13415 | Lair:1   | Noticed a boulder beetle
 13715 | Lair:2   | Noticed Fannar
 13739 | Lair:3   | Reached XP level 12. HP: 82/100 MP: 19/19
 14050 | Lair:2   | Found a staircase to the Snake Pit.
 14201 | Lair:2   | Killed Fannar
 14365 | Lair:2   | Reached skill level 10 in Invocations
 15125 | Lair:3   | Noticed Sonja
 15156 | Lair:3   | Killed Sonja
 15232 | Lair:3   | Reached skill level 5 in Air Magic
 15473 | Lair:3   | Reached skill level 10 in Maces & Flails
 15744 | Lair:4   | Found an opulent altar of Gozag.
 15797 | Lair:4   | Found a staircase to the Shoals.
 16124 | Lair:4   | Reached skill level 5 in Spellcasting
 16124 | Lair:4   | Found a gate leading to a gauntlet.
 16133 | Gauntlet | Entered a Gauntlet
 16133 | Gauntlet | Found a transporter.
 16150 | Gauntlet | Found a transporter.
 16152 | Gauntlet | Noticed a ghost crab
 16162 | Gauntlet | Found a transporter.
 16166 | Gauntlet | Found a transporter.
 16168 | Gauntlet | Noticed a reaper
 16176 | Gauntlet | Found a transporter.
 16196 | Gauntlet | Found a transporter.
 16209 | Gauntlet | Found a transporter.
 16218 | Gauntlet | Noticed a blizzard demon
 16229 | Gauntlet | Found a transporter.
 16233 | Gauntlet | Found a transporter.
 16242 | Gauntlet | Found a transporter.
 16249 | Gauntlet | Noticed a balrug
 16270 | Gauntlet | Found a transporter.
 16270 | Gauntlet | Found a transporter.
 16354 | Gauntlet | Killed from afar by a balrug

Illustrated notes

Levels and vault maps discovered:
D:1:      heliophobic_arrival_enchanted_forest, layout_basic,
          wander_ebering_terrifying_dragon_lair
D:2:      layout_basic, basic_altar, serial_shops, shop,
          hellmonk_ecumenical_altar_inner_sanctum, uniq_jessica, uniq_natasha
D:3:      layout_rooms, portal_sewer_entry_f, uniq_crazy_yiuf_cottage, uniq_ijyb
D:4:      layout_cave_pods, evilmike_ruin_ashenzari, gammafunk_ghost_grave,
          glass_columns_a, kennysheep_cluttered_room, minivault_26, uniq_duvessa
D:5:      layout_cave_pools, minmay_misc_feat_tiny, minmay_crossroads
D:6:      layout_basic, minmay_temple_entry_waves,
          hangedman_decor_clover_reticule, minmay_fractal_squares_diagonal_5,
          uniq_eustachio
D:7:      layout_basic, serial_shops, shop_fountains
D:8:      layout_cave_pods
D:9:      layout_irregular_city, uniq_prince_ribbit1
D:10:     layout_irregular_city
D:11:     layout_basic, grunt_lair_entry_orc_guard_hut, uniq_josephine
D:12:     layout_big_octagon, kennysheep_orc_monster_closet_entryway
Temple:   minmay_crystal_snake_temple
Lair:1:   layout_chaotic_city, nzn_sisyphean_effort
Lair:2:   layout_gridlike, guppyfry_snake_entry_island, st_stairs_6, uniq_fannar
Lair:3:   hellmonk_ruined_rings, layout_hall_layers, uniq_sonja
Lair:4:   layout_cave_pods, elwin_shoals_entry_stream, special_room
          [special_room_mythical_zoo], gauntlet_entry_generic, basic_altar,
          minmay_lindwurm_lava
Gauntlet: minmay_gauntlet_mixed_oops_all_seconds [minmay_gauntlet_arena_77_fan,
          nicolae_gauntlet_swirl, minmay_gauntlet_arena_77_terracotta_army,
          gammafunk_gauntlet_arena_chambers, minmay_gauntlet_arena_77_two_lines,
          nicolae_gauntlet_arena_quarters, dreamdust_gauntlet_exit_labyrinth]

Skill      XL: |  1  2  3  4  5  6  7  8  9 10 11 12 |
---------------+-------------------------------------+-----
Fighting       | 4 5 6 7 |  7.7
Long Blades    | 3 4 5 |  5.8
Invocations    | 3 4 5 6 7 8 9 10 | 10.2
Stealth        | 1 2 4 5 6 7 |  7.1
Dodging        | 3 4 5 6 7 |  7.2
Maces & Flails | 2 5 7 8 9 10 | 10.1
Spellcasting   | 2 4 5 |  5.0
Hexes          | 2 4 |  4.8
Air Magic      | 2 4 5 |  5.2
Evocations     | 1 |  1.2

Action                   |  1- 3 |  4- 6 |  7- 9 | 10-12 || total
-------------------------+-------+-------+-------+-------++-------
Melee: Falchion          |    69 |     7 |       |       ||    76
       Tailslap          |     8 |     9 |    14 |    52 ||    83
       Double sword      |       |    99 |       |     1 ||   100
       Shillelagh        |       |    23 |   174 |   344 ||   541
       Punch             |       |     1 |     1 |     3 ||     5
Invok: Depart the Abyss  |     1 |       |       |       ||     1
       Banish            |       |       |     2 |     4 ||     6
 Abil: Breathe Frost     |       |       |     2 |     1 ||     3
Evoke: Wand              |       |       |       |    13 ||    13
  Use: Scroll            |     3 |     9 |     7 |     9 ||    28
       Potion            |       |     1 |     1 |     7 ||     9
 Stab: Sleeping          |     1 |     4 |     6 |     9 ||    20
       Distracted        |       |       |     1 |     1 ||     2
       Paralysed         |       |       |       |     5 ||     5
       Invisible         |       |       |       |     3 ||     3
Armor: Skin              |    25 |    69 |    55 |   136 ||   285
Dodge: Dodged            |    60 |    79 |    91 |   284 ||   514

Table legend: (Time is in decaauts)
 A = Elapsed time spent in this place.
 B = Non-inter-level travel time spent in this place.
 C = Inter-level travel time spent in this place.
 D = Time resting spent in this place.
 E = Time spent auto-exploring this place.
 F = Levels seen in this place.
 G = Mean time per level.
                   A        B        C        D        E       F      G
               +--------+--------+--------+--------+--------+-----+--------+
         Total |  16478 |  15898 |    580 |   3180 |  10180 |  20 |  823.9 |
       Dungeon |  11923 |  11448 |    475 |   1684 |   8172 |  12 |  993.6 |
        Temple |    213 |    177 |     36 |      0 |    161 |   1 |  213.0 |
          Lair |   3653 |   3584 |     69 |   1284 |   1612 |   4 |  913.2 |
         Abyss |     88 |     88 |      0 |      0 |     75 |   1 |   88.0 |
         Sewer |    380 |    380 |      0 |    212 |     36 |   1 |  380.0 |
      Gauntlet |    220 |    220 |      0 |      0 |    123 |   1 |  220.0 |
               +--------+--------+--------+--------+--------+-----+--------+

Top non-repeatable levels by time:
     D:4: 1467 daAuts
    D:11: 1438 daAuts
  Lair:3: 1377 daAuts
     D:2: 1341 daAuts
     D:1: 1338 daAuts
     D:9: 1239 daAuts
     D:8: 1115 daAuts
  Lair:1: 1112 daAuts
  Lair:2: 1028 daAuts
     D:6: 894 daAuts
    D:10: 830 daAuts
     D:3: 814 daAuts
     D:7: 738 daAuts
     D:5: 688 daAuts
   Sewer: 380 daAuts
